 Dungeon Crawl Stone Soup version 0.25.0-9-g26727b657a (webtiles) character file.

Game seed: 12463301307529153391

222 VincentAMV the Shield-Bearer (level 5, -3/33 HPs)
             Began as a Gargoyle Fighter on June 21, 2020.
             Slain by an orc warrior
             ... wielding a +0 scimitar
              (12 damage)
             ... on level 3 of the Dungeon.
             The game lasted 00:09:21 (3044 turns).

VincentAMV the Shield-Bearer (Gargoyle Fighter)     Turns: 3044, Time: 00:09:21

Health: -3/33      AC: 18    Str: 21    XL:     5   Next: 99%
Magic:  5/5        EV:  8    Int:  8    God:
Gold:   201        SH:  9    Dex:  9    Spells: 4/4 levels left

rFire    . . .     SeeInvis .   a - +0 flail
rCold    . . .     Gourm    .   c - +0 kite shield
rNeg     + . .     Faith    .   b - +0 scale mail
rPois    ∞         Spirit   .   v - +0 helmet
rElec    +         Reflect  .   j - +2 cloak
rCorr    .         Harm     .   l - +2 pair of gloves
MR       .....                  (no boots)
Stlth    ..........             n - amulet of magic regeneration
HPRegen  0.11/turn              u - ring of flight
MPRegen  0.34/turn              (no ring)

@: no status effects
A: negative energy resistance 1, electricity resistance, unbreathing,
petrification resistance, rot immunity, AC +4
a: Evoke Flight


You were on level 3 of the Dungeon.
You were hungry.

You visited 1 branch of the dungeon, and saw 4 of its levels.

You collected 201 gold pieces.

Inventory:

Hand Weapons
 a - a +0 flail (weapon)
 g - a +0 whip
Armour
 b - a +0 scale mail (worn)
 c - a +0 kite shield (worn)
 j - a +2 cloak (worn)
 l - a +2 pair of gloves (worn)
 v - a +0 helmet (worn)
Jewellery
 n - an amulet of magic regeneration (around neck)
 u - a ring of flight (left hand)
Scrolls
 i - a scroll of amnesia {unknown}
 k - a scroll of fear {unknown}
 m - a scroll of identify
 o - a scroll of teleportation
 t - a scroll of noise {unknown}
Potions
 d - a potion of might
 e - 2 potions of cancellation
 h - 2 potions of haste
 r - a potion of mutation {unknown}
Comestibles
 f - 2 rations
 w - a chunk of flesh


   Skills:
 + Level 4.0 Fighting
 + Level 3.7 Maces & Flails
 + Level 4.1 Armour
 + Level 1.3 Dodging
 + Level 4.4 Shields


You had 4 spell levels left.
You didn't know any spells.
Your spell library was empty.

Dungeon Overview and Level Annotations

Branches:
Dungeon (4/15)
 Temple: D:4-7

Altars:
Hepliaklqana
Trog

Annotations:
D:4 Eustachio


Innate Abilities, Weirdness & Mutations

You are resistant to torment.
Your stone body is resilient. (AC +4)
You are immune to poison.
You resist negative energy. (rN+)
You are resistant to electric shocks. (rElec)
You can survive without breathing.
You are immune to petrification.
You are immune to rotting.


Message History

* * * LOW HITPOINT WARNING * * *
You barely miss the orc warrior.
The orc warrior is severely wounded.
The orc warrior hits you but does no damage.
You closely miss the orc warrior.
The orc warrior is severely wounded.
The orc warrior hits you but does no damage.
You closely miss the orc warrior.
The orc warrior is severely wounded.
You block the orc warrior's attack.
You closely miss the orc warrior.
The orc warrior is severely wounded.
You block the orc warrior's attack.
You hit the orc warrior.
The orc warrior is almost dead.
The orc warrior hits you but does no damage.
You closely miss the orc warrior.
The orc warrior is almost dead.
The orc warrior hits you with a +0 scimitar!
You die...

#........# #.......##.##..
#.######.###.##.....#.####
#.# #.........#..#.# #.#
#####.###.#..#[# #.###
####............# #...#
#............##.#
###.###...>...#######.#
#..##...o...# #.#
##.##..@....# ####.###
#.##.......# #......#
#.##.....<.# #.##.#.#
#.##.......# #.##.#.#
#.....###### #.#..#.#
#.###(# #.#.##.# ##...#.##
#.#.##.#
#.......########......#
#..#.#..##.........####


You could see an orc warrior.

Vanquished Creatures
  2 orc wizards
  6 adders
  An ooze (D:1)
  2 worms
  3 dart slugs
  3 leopard geckos
  5 orcs (D:3)
  A ball python (D:1)
  4 giant cockroaches
  6 goblins
  10 hobgoblins
  14 jackals
  A quokka (D:3)
  8 bats
  4 frilled lizards
  9 kobolds
  A quokka skeleton (D:4)
  8 rats
88 creatures vanquished.

Notes
Turn   | Place    | Note
-------+----------+-------------------------------------------
     0 | D:1      | VincentAMV the Gargoyle Fighter began the quest for the
                  | Orb.
     0 | D:1      | Reached XP level 1. HP: 14/14 MP: 1/1
   155 | D:1      | Reached XP level 2. HP: 19/19 MP: 2/2
   381 | D:1      | Reached XP level 3. HP: 23/24 MP: 3/3
  1125 | D:2      | Found a bloodstained altar of Trog.
  1187 | D:2      | Reached XP level 4. HP: 29/29 MP: 4/4
  2068 | D:3      | Reached XP level 5. HP: 30/33 MP: 5/5
  2081 | D:3      | Found a hazy altar of Hepliaklqana.
  2210 | D:3      | Reached skill level 1 in Dodging
  2955 | D:4      | Noticed an orc warrior
  2966 | D:4      | Noticed Eustachio
  3044 | D:3      | Slain by an orc warrior

Illustrated notes

Levels and vault maps discovered:
D:1:      dpeg_arrival_central, layout_loops_ring, minmay_domino_2
D:2:      layout_loops_corners, bloody_trog, kennysheep_nub
D:3:      layout_loops_cross, lemuel_doored_altar
D:4:      gammafunk_cloud_chamber, layout_basic, first_ration, uniq_eustachio

Skill      XL: |  1  2  3  4  5 |
---------------+----------------+-----
Shields        | 4 |  4.4
Maces & Flails | 3 |  3.7
Armour         | 4 |  4.1
Dodging        | 1 |  1.3
Fighting       | 4 |  4.0

Action                   |  1- 3 |  4- 6 || total
-------------------------+-------+-------++-------
Melee: Flail             |   126 |   236 ||   362
  Use: Scroll            |     2 |    11 ||    13
       Potion            |       |     1 ||     1
  Eat: Chunk             |     1 |     6 ||     7
Armor: Scale mail        |    78 |   157 ||   235
Dodge: Dodged            |    36 |   124 ||   160
Block: Kite shield       |    79 |   154 ||   233
